cohdb
Replays
Latest Replays
All Replays
Popular Replays
Top Player Replays
Match Explorer
How It Works
Community
CoH3 Stats
Reddit
Sign in to upload your games and track your stats! →
Sign in with Steam
Match 42936716
Unlisted
Match 42936716
Overview
Messages
Build Orders
End
Construct Infanterie Kompanie
Selects Terror Battlegroup
Selects Machine Gun Camouflage
Grenadier Squad
Grenadier Squad
MG 42 Machine Gun Team
GrW 34 Mortar Team
Construct Luftwaffe Kompanie
Selects Contempt for the Weak
Selects Contempt for the Weak
221 Scout Car
Support Elements
Wirbelwind Flakpanzer
Marder III M Tank Destroyer
Jäger Squad
Marder III M Tank Destroyer
Selects Jericho Trumpet
Pioneer Squad
Luftwaffe Officer Quarters
Construct Panzer Kompanie
Stoßtruppen Squad
Selects V1 Rocket Strike
R.U.C
✠-Ober-✠
Team saupiquet
WARlordS
Ashuin
Crenade(Cana)
游戏玩家
Electrobolt
0
0
Comments
sign in to comment!
No comments posted yet!